 Dungeon Crawl Stone Soup version 0.27.1-33-g824d729ab1 (webtiles) character file.

Game seed: 7645271923850331211

3126 zeram the Unseen (level 9, 0/41 HPs)
             Began as a Spriggan Brigand on Dec 15, 2021.
             Killed from afar by a steam dragon (9 damage)
             ... with a ball of steam
             ... on level 8 of the Dungeon.
             The game lasted 00:27:37 (12321 turns).

zeram the Unseen (Spriggan Brigand)                Turns: 12321, Time: 00:27:38

Health: 0/41       AC:  9    Str:  7    XL:     9   Next: 61%
Magic:  10/10      EV: 22    Int: 16    God:
Gold:   318        SH:  0    Dex: 21    Spells: 8/8 levels left

rFire    . . .     SeeInvis +   a - +3 dagger
rCold    + . .     Faith    .   (shield restricted)
rNeg     . . .     Spirit   .   b - +0 robe
rPois    +         Reflect  .   (helmet restricted)
rElec    +         Harm     .   q - +2 cloak {rCorr}
rCorr    +         Rampage  .   (gloves unavailable)
Will     +....                  (boots unavailable)
Stlth    +++++++...             (no amulet)
HPRegen  0.13/turn              f - +4 ring of protection
MPRegen  0.12/turn              d - ring "Pacupipt" {rElec rPois rC+ Dex+5}

@: very quick
A: very small, no large weapons, unfitting armour, see invisible, speed 3
a: no special abilities


You were on level 8 of the Dungeon.
You visited 1 branch of the dungeon, and saw 8 of its levels.

You collected 318 gold pieces.

Inventory:

Hand Weapons
 a - a +3 dagger (weapon)
Missiles
 e - a throwing net
 i - a curare-tipped dart
 k - 32 poisoned darts (quivered)
Armour
 b - a +0 robe (worn)
 c - a +0 cloak
 q - a +2 cloak of preservation (worn)
Jewellery
 d - the ring "Pacupipt" (right hand) {rElec rPois rC+ Dex+5}
   (You acquired it on level 2 of the Dungeon)

   [ring of poison resistance]

   Dex:       It affects your dexterity (+5).
   rC:        It protects you from cold.
   rElec:     It insulates you from electricity.
   rPois:     It protects you from poison.
 f - a +4 ring of protection (left hand)
 l - a ring of magical power
 s - a +6 ring of dexterity
Wands
 n - a wand of polymorph (2)
 p - a wand of iceblast (6)
Scrolls
 g - a scroll of teleportation
 o - 2 scrolls of identify
 t - a scroll of fog
 u - a scroll of blinking
Potions
 h - 2 potions of cancellation
 j - a potion of flight
 m - 3 potions of curing
 r - a potion of attraction
 v - 2 potions of might


   Skills:
 - Level 1.5 Fighting
 + Level 5.0 Short Blades
 - Level 2.0 Throwing
 + Level 6.4 Dodging
 + Level 17.6 Stealth
 - Level 1.0 Evocations


You had 8 spell levels left.
You didn't know any spells.
Your spell library contained the following spells:

 Spells                   Type           Power      Damage    Failure   Level
 Sting                    Tmut/Pois      0%         1d3       26%         1
 Poisonous Vapours        Pois/Air       0%         N/A       36%         2
 Fulminant Prism          Conj/Hex       0%         3d6       94%         4
 Iskenderun's Mystic Bla  Conj/Tloc      0%         2d3       94%         4
 Olgreb's Toxic Radiance  Pois           0%         N/A       94%         4
 Lee's Rapid Deconstruct  Erth           0%         3d5*      100%        5


Dungeon Overview and Level Annotations

Branches:
Dungeon (8/15)
 Temple: D:4-7         Lair: D:8-11

Altars:
Ashenzari
Elyvilon
Fedhas
Kikubaaqudgha
Makhleb
Qazlal
Trog
Wu Jian
The Shining One


Innate Abilities, Weirdness & Mutations

You are very small and have problems with some larger weapons.
You are too small for most types of armour.
You have supernaturally acute eyesight. (SInv)
You cover ground extremely quickly. (Speed+++)


Message History

Press: ? - help, Q - select action, (/) - cycle Shift-Dir - straight line, f/p - gnoll sergeant
Aim: a gnoll sergeant, wielding a +0 trident of venom, wearing a +3 ring mail and wearing a +0 buckler (heavily wounded, poisoned, 70% to hit)
You throw a poisoned dart.
The poisoned dart hits the gnoll sergeant.
The gnoll sergeant looks even sicker.
The gnoll sergeant is heavily wounded.
Aiming: Iceblast
Press: ? - help, Shift-Dir - straight line, f/p - gnoll sergeant
Aim: a gnoll sergeant, wielding a +0 trident of venom, wearing a +3 ring mail and wearing a +0 buckler (heavily wounded, very poisoned)
The mass of ice explodes!
The iceblast engulfs the gnoll sergeant!
The gnoll sergeant is almost dead.
The iceblast engulfs the steam dragon!
The steam dragon is heavily wounded.
The gnoll shouts!
Aiming: Iceblast
Press: ? - help, Shift-Dir - straight line, f/p - gnoll sergeant
Aim: a gnoll sergeant, wielding a +0 trident of venom, wearing a +3 ring mail and wearing a +0 buckler (almost dead, very poisoned)
The mass of ice explodes!
The iceblast engulfs the gnoll sergeant!
You kill the gnoll sergeant!
The iceblast engulfs the steam dragon!
The steam dragon is severely wounded.
Throw: 33 darts (poison)
Press: ? - help, Q - select action, (/) - cycle Shift-Dir - straight line, f - steam dragon
Aim: a steam dragon (severely wounded, 63% to hit)
You throw a poisoned dart.
The poisoned dart hits the steam dragon.
The steam dragon is poisoned.
The steam dragon is severely wounded.
The steam dragon breathes steam at you. The ball of steam hits you!
You are engulfed in a cloud of scalding steam.
* * * LOW HITPOINT WARNING * * *
A gnoll comes into view. It is wielding a +0 flail.
The centaur zombie is engulfed in a cloud of scalding steam.
The centaur zombie is engulfed in a cloud of scalding steam.
The steam dragon breathes steam at you. The ball of steam hits you!
You die...

.)...####..(#....................
....###...(.g#...................
..........<..#[................).
.....##......[...##..............
..........#g.#...#.........#...#.
......)...§.§###.##........##..##
..#....§.§..............##...#
..##...§§.D§.......#.........#
..#....§.Z.§@....###......###
.......§§.........#.....###
.......§.§...........####
......§..§..........##
.8.........#......###
......§§...##......# .....#......
.....## ....###...###.....# ..##
#####


You could see a steam dragon (poisoned, catching breath), a gnoll and a centaur
zombie.

Vanquished Creatures
  Prince Ribbit (D:5)
  A wyvern (D:7)
  A golden eye (D:7)
  Edmund (D:4)
  A water moccasin (D:7)
  A sky beast (D:4)
  2 ice beasts
  A necrophage (D:7)
  3 ogres
  5 centaurs
  2 phantoms
  A gnoll sergeant (D:8)
  A bullfrog (D:7)
  2 scorpions (D:5)
  A water moccasin zombie (D:5)
  3 wights
  4 howler monkeys
  A bullfrog zombie (D:5)
  2 orc priests
  A jelly (D:7)
  A hound (D:6)
  Crazy Yiuf (D:6)
  4 iguanas
  2 bullfrog skeletons (D:5)
  Ijyb (D:3)
  3 orc wizards
  Terence (D:3)
  A killer bee zombie (D:5)
  2 howler monkey zombies (D:5)
  Robin (D:2)
  4 gnolls (D:2)
  A howler monkey skeleton (D:7)
  3 adders
  3 ufetubi
  2 dart slugs (D:1)
  20 orcs
  5 ball pythons
  7 endoplasms
  6 giant cockroaches
  17 goblins
  7 hobgoblins
  6 jackals
  8 kobolds
  A quokka (D:4)
  5 bats
  6 frilled lizards
  2 rats
155 creatures vanquished.

Vanquished Creatures (others)
  3 fungi
3 creatures vanquished.

Grand Total: 158 creatures vanquished

Notes
Turn   | Place    | Note
-------+----------+-------------------------------------------
     0 | D:1      | zeram the Spriggan Brigand began the quest for the Orb.
     0 | D:1      | Reached XP level 1. HP: 10/10 MP: 2/2
    64 | D:1      | Reached skill level 6 in Stealth
   140 | D:1      | Reached XP level 2. HP: 14/14 MP: 3/3
   463 | D:1      | Reached skill level 7 in Stealth
   945 | D:2      | Reached XP level 3. HP: 18/18 MP: 4/4
  1124 | D:2      | Reached skill level 8 in Stealth
  1207 | D:2      | Noticed Robin
  1314 | D:2      | Killed Robin
  1315 | D:2      | Reached XP level 4. HP: 22/22 MP: 5/5
  1520 | D:2      | Found a faded altar of an unknown god.
  1548 | D:2      | Reached skill level 9 in Stealth
  1548 | D:2      | Identified a scroll of acquirement
  1548 | D:2      | Acquired the ring "Pacupipt" {rElec rPois rC+ Dex+5}
  1947 | D:3      | Found a blossoming altar of Fedhas.
  1979 | D:3      | Noticed Ijyb
  1984 | D:3      | Killed Ijyb
  1985 | D:3      | Reached XP level 5. HP: 25/25 MP: 6/6
  2017 | D:3      | Reached skill level 10 in Stealth
  2276 | D:3      | Noticed Terence
  2282 | D:3      | Killed Terence
  2504 | D:3      | Noticed an ice beast
  2511 | D:3      | Killed an ice beast
  2512 | D:3      | Reached skill level 11 in Stealth
  2512 | D:3      | Reached XP level 6. HP: 30/30 MP: 7/7
  2704 | D:3      | Found a stormy altar of Qazlal.
  3049 | D:5      | Entered Level 5 of the Dungeon
  3106 | D:5      | Found a broken altar of Ashenzari.
  3412 | D:5      | Reached skill level 12 in Stealth
  3527 | D:5      | Found a burning altar of Makhleb.
  3665 | D:5      | Reached XP level 7. HP: 33/33 MP: 8/8
  3747 | D:5      | Found a white marble altar of Elyvilon.
  3877 | D:5      | Reached skill level 13 in Stealth
  4462 | D:5      | Noticed Prince Ribbit
  4478 | D:5      | Killed Prince Ribbit
  4479 | D:5      | Reached skill level 14 in Stealth
  4754 | D:5      | Found an ornate altar of the Wu Jian Council.
  5010 | D:5      | Reached XP level 8. HP: 37/37 MP: 9/9
  5072 | D:5      | Reached skill level 1 in Evocations
  5570 | D:5      | Reached skill level 15 in Stealth
  6283 | D:6      | Found an ancient bone altar of Kikubaaqudgha.
  6296 | D:6      | Found a glowing golden altar of the Shining One.
  7216 | D:6      | Found a runed translucent door.
  7217 | D:6      | Noticed Crazy Yiuf
  7265 | D:6      | Killed Crazy Yiuf
  7266 | D:6      | Reached skill level 16 in Stealth
  7612 | D:6      | Identified the +0 leather armour "Vuakouq" {Int+2}
  8129 | D:4      | Noticed Edmund
  8134 | D:4      | Killed Edmund
  8135 | D:4      | Reached skill level 17 in Stealth
  8576 | D:7      | Reached XP level 9. HP: 33/41 MP: 10/10
  8766 | D:7      | Found a bloodstained altar of Trog.
  8780 | D:7      | Noticed Joseph
 10268 | D:7      | Noticed Joseph
 10268 | D:7      | Joseph changed into Joseph the meliai
 10595 | D:7      | Noticed Joseph
 10595 | D:7      | Joseph the meliai changed into Joseph the golden eye
 10597 | D:7      | Killed Joseph the golden eye
 10745 | D:8      | Reached skill level 5 in Dodging
 11487 | D:8      | Noticed a death knight
 11491 | D:8      | Noticed a phantasmal warrior
 11871 | D:8      | Noticed a skeletal warrior
 12298 | D:8      | Reached skill level 5 in Short Blades
 12321 | D:8      | Killed from afar by a steam dragon

Illustrated notes

Levels and vault maps discovered:
D:1:      scummos_arrival_simple_fountains, layout_basic
D:2:      layout_rooms, shapermc_ecumenical_altar_mp_highgroup, uniq_robin
D:3:      layout_rooms, fedhas_altar_3, marbit_many_paths, uniq_terence,
          uniq_ijyb
D:4:      layout_basic, minmay_temple_entry_sparse_star, uniq_edmund
D:5:      layout_layer_cave, elyvilon_altar_1,
          nicolae_wu_jian_immortal_techniques, nicolae_overflow_crystal_walls,
          bloody_makhleb, grunt_ministairs_9, uniq_prince_ribbit1
D:6:      layout_basic, mainiacjoe_overflow_brackets,
          mainiacjoe_overflow_alcove_2, uniq_crazy_yiuf_cottage
D:7:      layout_cave_pools, trog_book, enter_bailey_5, uniq_joseph
D:8:      layout_cave_pools, serial_column_ruins, column_ruins_columns_straight,
          column_ruins_corridor_dead_end, column_ruins_grid_1,
          column_ruins_grid_3, column_ruins_open_small

Skill      XL: |  1  2  3  4  5  6  7  8  9 |
---------------+----------------------------+-----
Stealth        | 6 7 8 9 11 12 14 17 | 17.6
Evocations     | 1 |  1.0
Dodging        | 3 6 |  6.4
Short Blades   | 5 |  5.0
Fighting       | |  1.5
Throwing       | |  2.0

Action                   |  1- 3 |  4- 6 |  7- 9 || total
-------------------------+-------+-------+-------++-------
Melee: Dagger            |    70 |   217 |   492 ||   779
Throw: Dart              |    12 |     9 |    66 ||    87
Evoke: Wand              |       |       |    15 ||    15
  Use: Scroll            |     6 |     3 |     6 ||    15
       Potion            |       |     3 |     1 ||     4
 Stab: Sleeping          |    14 |    12 |    21 ||    47
       Paralysed         |       |       |     3 ||     3
       Distracted        |       |       |     1 ||     1
       Fleeing           |       |       |     1 ||     1
Armor: Robe              |    18 |    38 |   106 ||   162
Dodge: Dodged            |    29 |   150 |   393 ||   572
